 Dungeon Crawl Stone Soup version 0.29.1 (webtiles) character file.

Game seed: 2528510644106157975

52 safid the Shooter (level 3, -2/33 HPs)
             Began as a Minotaur Hunter on Sept 12, 2022.
             Slain by a gnoll
             ... wielding a +0 club
              (5 damage)
             ... on level 2 of the Dungeon.
             The game lasted 00:02:18 (946 turns).

safid the Shooter (Minotaur Hunter)                  Turns: 946, Time: 00:02:19

Health: -2/33      AC:  3    Str: 15    XL:     3   Next: 60%
Magic:  2/2        EV: 12    Int:  6    God:
Gold:   23         SH:  0    Dex: 15    Spells: 2/2 levels left

rFire   + . .      SeeInvis .   a - +0 shortbow
rCold   . . .      Faith    .   (shield currently unavailable)
rNeg    . . .      Spirit   .   c - +0 leather armour
rPois   .          Reflect  .   (helmet restricted)
rElec   .          Harm     .   (no cloak)
rCorr   .          Rampage  .   (no gloves)
Will    +....                   (no boots)
Stlth   +.........              (no amulet)
HPRegen 0.11/turn               h - ring of protection from fire
MPRegen 0.08/turn               e - ring of willpower

@: no status effects
A: horns 2, retaliatory headbutt
a: no special abilities


You were on level 2 of the Dungeon.
You visited 1 branch of the dungeon, and saw 2 of its levels.

You collected 23 gold pieces.

Inventory:

Hand Weapons
 a - a +0 shortbow (weapon)
Armour
 c - a +0 leather armour (worn)
Jewellery
 e - a ring of willpower (right hand)
 h - a ring of protection from fire (left hand)
Scrolls
 d - 2 scrolls of enchant weapon {unknown}
 g - a scroll of brand weapon {unknown}
 j - a scroll of teleportation {unknown}
Potions
 b - a potion of degeneration {unknown}
 f - a potion of mutation {unknown}
 i - a potion of lignification {unknown}
 k - a potion of brilliance {unknown}


   Skills:
 * Level 3.8 Fighting
 + Level 4.8 Ranged Weapons
 + Level 2.9 Dodging
 - Level 0.7 Stealth


You had 2 spell levels left.
You didn't know any spells.
Your spell library was empty.

Dungeon Overview and Level Annotations

Branches:
Dungeon (2/15)

Altars:


Innate Abilities, Weirdness & Mutations

You have a pair of horns on your head.
You reflexively headbutt those who attack you in melee.


Message History

The gnoll shouts!
The gnoll is moderately wounded.
You hear a shout!
You shoot an arrow. The arrow closely misses the gnoll.
The gnoll shouts!
A gnoll comes into view. It is wielding a +0 club.
You shoot an arrow. The arrow hits the gnoll.
The gnoll is almost dead.
A gnoll comes into view. It is wielding a +0 club.
The gnoll hits you with a +0 club.
You shoot an arrow. The arrow hits the gnoll.
You kill the gnoll!
The gnoll misses you.
You shoot an arrow.
The arrow hits the gnoll but does no damage.
The gnoll misses you.
You shoot an arrow. The arrow hits the gnoll.
The gnoll is moderately wounded.
The gnoll hits you from afar with a +0 spear.
You shoot an arrow. The arrow closely misses the gnoll.
The arrow hits the gnoll but does no damage.
A bat comes into view.
The gnoll closely misses you. The gnoll hits you but does no damage.
The gnoll closely misses you.
The gnoll hits you from afar with a +0 spear.
You shoot an arrow. The arrow hits the gnoll!
You kill the gnoll!
The bat hits you. x2
The gnoll hits you from afar with a +0 spear!
Unknown command.
You shoot an arrow. The arrow closely misses the bat.
The arrow hits the gnoll.
The gnoll is lightly wounded.
The bat hits you but does no damage. The bat barely misses you.
You furiously retaliate!
You headbutt the bat!
You kill the bat!
The gnoll hits you from afar with a +0 spear.
The gnoll hits you from afar with a +0 spear!
* * * LOW HITPOINT WARNING * * *
The gnoll hits you with a +0 club.
You die...

##
#..
#.
..
##.
..
..#.
#...
.g#
#g#
#@#
#..#
#.##
..
##.
#.
#.
#.


You could see 2 gnolls.

Vanquished Creatures
  2 gnolls (D:2)
  3 dart slugs (D:1)
  3 bats
  2 endoplasms (D:1)
  A goblin (D:1)
  2 hobgoblins (D:1)
  4 jackals (D:1)
  5 kobolds (D:1)
  A quokka (D:1)
  A ball python (D:1)
  A frilled lizard (D:1)
  A rat (D:1)
26 creatures vanquished.

Notes
Turn   | Place    | Note
-------+----------+-------------------------------------------
     0 | D:1      | safid the Minotaur Hunter began the quest for the Orb.
     0 | D:1      | Reached XP level 1. HP: 18/18 MP: 0/0
   186 | D:1      | Found a faded altar of an unknown god.
   298 | D:1      | Reached XP level 2. HP: 26/26 MP: 1/1
   544 | D:1      | Reached XP level 3. HP: 29/31 MP: 2/2
   946 | D:2      | Slain by a gnoll

Illustrated notes

Levels and vault maps discovered:
D:1:      psy_arrival_dodecagon, layout_basic,
          dreamdust_ecumenical_altar_hidden_monk_grotto
D:2:      layout_loops_ring

Skill      XL: |  1 |
---------------+----+-----
Fighting       | 3 |  3.8
Ranged Weapons | |  4.8
Dodging        | |  2.9
Stealth        | |  0.7

Action                   || total
-------------------------++-------
 Fire: Shortbow          ||    71
Armor: Leather armour    ||    12
Dodge: Dodged            ||    24
